 Dungeon Crawl Stone Soup version 0.31-a0-986-g5e6e4ef867 (webtiles) character file.

Game seed: 10098760682641850925

309 howech the Sneak (level 6, -2/36 HPs)
             Began as an Octopode Fire Elementalist on Nov 16, 2023.
             Slain by a gnoll
             ... wielding a +0 halberd
              (16 damage)
             ... on level 3 of the Dungeon.
             The game lasted 00:14:38 (2479 turns).

howech the Sneak (Octopode Fire Elementalist)       Turns: 2479, Time: 00:14:39

Health: -2/36      AC:  1    Str:  7    XL:     6   Next: 41%
Magic:  1/10       EV: 14    Int: 20    God:
Gold:   95         SH:  0    Dex: 18    Spells: 8/11 levels left

rFire   . . .        b - +0 dagger
rCold   . . .        (no shield)
rNeg    . . .        (helmet restricted)
rPois   .            (no amulet)
rElec   .            l - +6 ring of dexterity
rCorr   .            (no ring)
SInv    .            (no ring)
Will    .....        (no ring)
Stlth   ++++         (no ring)
HPRegen 0.26/turn    (no ring)
MPRegen 0.12/turn    (no ring)
                     (no ring)

%: no passive effects
@: no status effects
A: almost no armour, amphibious, 8 rings, camouflage 1, gelatinous body 1,
(nimble swimmer 1), tentacles
a: no special abilities


You were on level 3 of the Dungeon.
You visited 1 branch of the dungeon, and saw 3 of its levels.

You collected 95 gold pieces.

Inventory:

Hand Weapons
 b - a +0 dagger (weapon)
Missiles
 g - a throwing net
Magical Staves
 k - a staff of cold
Jewellery
 l - a +6 ring of dexterity (left tentacle)
Scrolls
 d - 2 scrolls of teleportation {unknown}
 e - a scroll of enchant armour {unknown}
 f - 2 scrolls of immolation {unknown}
 j - 2 scrolls of identify {unknown}
 m - a scroll of fog {unknown}
Potions
 a - a potion of magic
 c - a potion of brilliance {unknown}
 h - a potion of enlightenment {unknown}
 i - 2 potions of curing {unknown}


   Skills:
 + Level 3.1 Dodging
 + Level 4.3 Stealth
 * Level 3.3 Spellcasting
 * Level 3.0 Conjurations
 * Level 4.2 Fire Magic


You had 8 spell levels left.
You knew the following spells:

 Your Spells              Type           Power      Damage    Failure   Level
a - Foxfire               Conj/Fire      68%        2x1d7     3%          1
b - Scorch                Fire           40%        2d6       3%          2

Your spell library contained the following spells:

 Spells                   Type           Power      Damage    Failure   Level
 Inner Flame              Hex/Fire       11%        N/A       17%         3
 Volatile Blastmotes      Fire/Tloc      22%        2d11      17%         3
 Flame Wave               Conj/Fire      17%        2d7       30%         4
 Gell's Gravitas          Tloc           3%         N/A       38%         3
 Teleport Other           Tloc           3%         N/A       38%         3
 Dispersal                Tloc           1%         N/A       100%        6


Dungeon Overview and Level Annotations

Branches:
Dungeon (3/15)

Altars:

Shops:
D:1 =


Innate Abilities, Weirdness & Mutations

You cannot wear most types of armour.
You are amphibious.
You can wear up to eight rings at the same time.
Your skin changes colour to match your surroundings (Stealth+).
Your rubbery body absorbs attacks. (AC +1, EV +1)
((You are camouflaged when in or above water. (Stealth+)))
You have tentacles for arms and can constrict up to eight enemies at once.


Message History

The gnoll is moderately wounded.
The gnoll barely misses you.
Unknown command.
Casting: Foxfire (safe; 3% risk of failure)
Confirm with . or Enter, or press ? or * to list all spells.
You conjure some foxfire!
The gnoll hits you with a +0 whip!
You closely miss the gnoll. You grab the gnoll.
The gnoll is moderately wounded.
You constrict the gnoll.
The foxfire hits the gnoll.
The gnoll is severely wounded.
The foxfire hits the gnoll.
The gnoll is almost dead.
The gnoll barely misses you.
You hit the gnoll.
You kill the gnoll!
The jackal bites you.
Casting: Foxfire (safe; 3% risk of failure)
Confirm with . or Enter, or press ? or * to list all spells.
You conjure some foxfire!
The jackal misses you.
The gnoll hits you from afar with a +0 halberd!
You hit the jackal but do no damage. Your grab misses the jackal.
Your squeeze misses the jackal.
The foxfire hits the jackal.
The jackal is moderately wounded.
The foxfire hits the jackal.
You kill the jackal!
The gnoll barely misses you.
Unknown command.
Casting: Foxfire (safe; 3% risk of failure)
Confirm with . or Enter, or press ? or * to list all spells.
You conjure some foxfire!
The gnoll closely misses you.
The foxfire hits the gnoll but does no damage.
The foxfire hits the gnoll.
The gnoll is lightly wounded.
Casting: Foxfire (safe; 3% risk of failure)
Confirm with . or Enter, or press ? or * to list all spells.
You don't have enough magic to cast this spell.
Unknown command.
The gnoll attacks as it pursues you! The gnoll closely misses you.
The gnoll hits you from afar with a +0 halberd!
You die...

#......########
######.# #.# ##
#.#
#.##o#######
#..........
##.g##.###.
#..#....#.#
#.....@.#
###...#.......
#♣♣♣♣####.##


You could see a gnoll.

Vanquished Creatures
  2 howler monkeys (D:3)
  3 hounds (D:3)
  6 gnolls (D:3)
  An adder (D:2)
  A worm (D:2)
  3 dart slugs
  3 orcs (D:3)
  6 ball pythons
  5 endoplasms
  2 giant cockroaches
  3 goblins
  4 hobgoblins (D:2)
  9 jackals (D:3)
  7 kobolds
  4 quokkas
  3 bats
  A frilled lizard (D:2)
  2 rats
65 creatures vanquished.

Vanquished Creatures (others)
  187 foxfires
187 creatures vanquished.

Grand Total: 252 creatures vanquished

Notes
Turn   | Place    | Note
-------+----------+-------------------------------------------
     0 | D:1      | howech the Octopode Fire Elementalist began the quest for
                  | the Orb.
     0 | D:1      | Reached XP level 1. HP: 11/11 MP: 3/3
   282 | D:1      | Reached XP level 2. HP: 17/17 MP: 1/5
   345 | D:1      | Found Urphig's Jewellery Shop.
   548 | D:1      | Learned a level 2 spell: Scorch
  1052 | D:2      | Reached XP level 3. HP: 21/21 MP: 3/6
  1421 | D:2      | Reached XP level 4. HP: 23/27 MP: 5/7
  1552 | D:2      | Identified the +0 leather armour of Distant Worlds {+Inv
                  | rN+ Will-}
  2041 | D:3      | Reached XP level 5. HP: 31/31 MP: 1/9
  2189 | D:3      | Reached XP level 6. HP: 35/36 MP: 3/10
  2479 | D:3      | Slain by a gnoll

Illustrated notes

Levels and vault maps discovered:
D:1:      dpeg_arrival_rhombus, layout_basic, serial_shops, shop
D:2:      layout_basic, due_unseen_surprise
D:3:      lemuel_castle_with_subvaults [lemuel_castle_interior_carwin_1],
          layout_loops_corners, hellmonk_ecumenical_altar_the_god_not_taken

Skill      XL: |  1  2  3  4  5  6 |
---------------+-------------------+-----
Stealth        | 3 4 |  4.3
Conjurations   | 2 3 |  3.0
Spellcasting   | 3 |  3.3
Dodging        | 3 |  3.1
Fire Magic     | 4 |  4.2

Action                     |  1- 3 |  4- 6 || total
---------------------------+-------+-------++-------
  Melee: Unarmed           |     5 |       ||     5
         Constrict         |     6 |     7 ||    13
         Dagger            |    19 |    23 ||    42
         Tentacles         |     5 |     7 ||    12
   Cast: Foxfire           |    55 |    59 ||   114
   Stab: Sleeping          |     1 |       ||     1
 Armour: Skin              |     8 |    12 ||    20
  Dodge: Dodged            |    18 |    12 ||    30

Table legend: (Time is in decaauts)
 A = Elapsed time spent in this place.
 B = Non-inter-level travel time spent in this place.
 C = Inter-level travel time spent in this place.
 D = Time resting spent in this place.
 E = Time spent auto-exploring this place.
 F = Levels seen in this place.
 G = Mean time per level.
                   A        B        C        D        E       F      G
               +--------+--------+--------+--------+--------+-----+--------+
         Total |   2477 |   2475 |      2 |    177 |   1657 |   3 |  825.7 |
       Dungeon |   2477 |   2475 |      2 |    177 |   1657 |   3 |  825.7 |
               +--------+--------+--------+--------+--------+-----+--------+

Top non-repeatable levels by time:
     D:1: 980 daAuts
     D:2: 818 daAuts
     D:3: 678 daAuts
